 Dungeon Crawl Stone Soup version 0.26.1-2-gb8aa6d0cf2 (webtiles) character file.

Game seed: 17632319008461785572

72 phalm the Shield-Bearer (level 4, -13/29 HPs)
             Began as a Gargoyle Fighter on Mar 4, 2021.
             Killed by an exploding an orc wizard (23 damage)
             ... exploding inner flame
             ... on level 3 of the Dungeon.
             The game lasted 00:02:49 (2178 turns).

phalm the Shield-Bearer (Gargoyle Fighter)          Turns: 2178, Time: 00:02:51

Health: -13/29     AC: 10    Str: 21    XL:     4   Next: 25%
Magic:  4/4        EV:  7    Int:  8    God:
Gold:   106        SH:  9    Dex:  9    Spells: 3/3 levels left

rFire    . . .     SeeInvis .   g - +0 whip
rCold    . . .     Faith    .   c - +0 kite shield
rNeg     + . .     Spirit   .   b - +0 scale mail
rPois    ∞         Reflect  .   (no helmet)
rElec    +         Harm     .   (no cloak)
rCorr    .         Rampage  .   (no gloves)
Will     .....                  (no boots)
Stlth    ..........             (no amulet)
HPRegen  0.09/turn              (no ring)
MPRegen  0.09/turn              (no ring)

@: brilliant, attractive, hasted, very quick
A: negative energy resistance 1, electricity resistance, unbreathing,
petrification resistance, miasma immunity, AC +3
a: no special abilities


You were on level 3 of the Dungeon.
You visited 1 branch of the dungeon, and saw 3 of its levels.

You collected 106 gold pieces.

Inventory:

Hand Weapons
 g - a +0 whip (weapon)
Armour
 b - a +0 scale mail (worn)
 c - a +0 kite shield (worn)
Jewellery
 o - an uncursed ring of positive energy
Scrolls
 f - 4 scrolls of identify {unknown}
 j - a scroll of amnesia {unknown}
 k - a scroll of noise {unknown}
 l - a scroll of enchant weapon {unknown}
 m - 2 scrolls of remove curse {unknown}
Potions
 d - a potion of might
 n - a potion of haste


   Skills:
 + Level 3.6 Fighting
 * Level 3.0 Maces & Flails
 + Level 3.7 Armour
 * Level 4.1 Shields


You had 3 spell levels left.
You didn't know any spells.
Your spell library was empty.

Dungeon Overview and Level Annotations

Branches:
Dungeon (3/15)

Altars:
Gozag
Qazlal


Innate Abilities, Weirdness & Mutations

You are resistant to torment.
Your stone body is resilient. (AC +3)
You are immune to poison.
You resist negative energy. (rN+)
You are resistant to electric shocks. (rElec)
You can survive without breathing.
You are immune to petrification.
You are immune to miasma.


Message History

The orc wizard barely misses you.
You barely miss the orc wizard.
The orc wizard is heavily wounded.
You block the orc wizard's attack.
As you read the scroll labelled CUYRPH LUEMMOSTRUQIQ, it crumbles to dust.
The creatures around you are filled with an inner flame!
It was a scroll of immolation.
The orc wizard barely misses you.
You closely miss the orc wizard.
The orc wizard is heavily wounded.
An orc wizard appears from thin air!
Reactivating autopickup.
The orc wizard hits you but does no damage.
You hit the orc wizard.
Flame seeps out of the orc wizard.
The orc wizard is severely wounded.
The orc wizard is engulfed in blazing flames.
The orc wizard explodes!
The fiery explosion engulfs the orc wizard!!!
The fiery explosion engulfs you!!
Ouch! That really hurt!
You die...

### ..#
#o# #o#
#§# #○#
#@# #.#
#.# #.#
#.# #.#
#.########
#....(...#
########.#


You could see an orc wizard (inner flame) and an orc (inner flame).

Vanquished Creatures
  2 orc wizards (D:3)
  2 adders (D:2)
  2 worms (D:2)
  2 dart slugs
  2 leopard geckos (D:1)
  An orc (D:3)
  2 giant cockroaches
  5 hobgoblins
  3 jackals (D:1)
  A quokka (D:2)
  A ball python (D:1)
  5 bats
  3 frilled lizards
  8 goblins
  A kobold (D:1)
  6 rats
46 creatures vanquished.

Notes
Turn   | Place    | Note
-------+----------+-------------------------------------------
     0 | D:1      | phalm the Gargoyle Fighter began the quest for the Orb.
     0 | D:1      | Reached XP level 1. HP: 14/14 MP: 1/1
   271 | D:1      | Reached XP level 2. HP: 19/19 MP: 2/2
   685 | D:1      | Reached XP level 3. HP: 23/23 MP: 3/3
  1195 | D:2      | Found an opulent altar of Gozag.
  1629 | D:2      | Found a stormy altar of Qazlal.
  1655 | D:2      | Reached skill level 4 in Shields
  1671 | D:2      | Found a faded altar of an unknown god.
  1693 | D:2      | Reached XP level 4. HP: 24/29 MP: 4/4
  2178 | D:3      | Killed by an exploding an orc wizard... exploding inner
                  | flame

Illustrated notes

Levels and vault maps discovered:
D:1:      dpeg_arrival_lava_altar, layout_basic, minmay_pentomino_s2
D:2:      layout_loops_ring, lemuel_doored_altar,
          chequers_ecumenical_altar_island, grunt_gozag_statues
D:3:      layout_basic, uniq_natasha

Skill      XL: |  1  2  3  4 |
---------------+-------------+-----
Shields        | 4 |  4.1
Maces & Flails | 3 |  3.0
Fighting       | |  3.6
Armour         | |  3.7

Action                   |  1- 3 |  4- 6 || total
-------------------------+-------+-------++-------
Melee: Flail             |    15 |       ||    15
       Whip              |   183 |    37 ||   220
  Use: Potion            |       |     4 ||     4
       Scroll            |       |     1 ||     1
Armor: Scale mail        |   100 |    13 ||   113
Dodge: Dodged            |    74 |    12 ||    86
Block: Kite shield       |   108 |    13 ||   121
